Map: 2000 Atmospheres LE

Players

Probe - Winner!

  • Race: Protoss Protoss

MeomaikA

  • Race: Zerg Zerg

Event: DreamHack SC2 Masters 2021 Fall

VOD

Have the link to the VOD?

Description

Time

  • Played on: July 31, 2021, 7:11 a.m.
  • Length: 5:30

All games in this series

Show
View Real Time Build Order
Export as new Build Order

Probe Protoss - Winner!

Build Orders: 1 Gate Expand 

Get SALT Encoding   

  12  0:00  Probe  
  13  0:12  Probe  
  14  0:19  Pylon  
  14  0:24  Probe  
  15  0:37  Probe (Chrono Boost)  
  15  0:40  Gateway  
  16  0:46  Probe (Chrono Boost)  
  17  0:51  Probe (Chrono Boost)  
  17  0:54  Assimilator  
  18  1:03  Probe  
  19  1:15  Probe  
  20  1:27  Cybernetics Core  
  20  1:36  Nexus  
  20  1:42  Zealot  
  22  1:51  Probe  
  22  1:52  Pylon  
  23  1:58  Assimilator  
  23  2:07  Adept (Chrono Boost)  
  23  2:10  Probe  
  23  2:11  Warp Gate  
  26  2:22  Probe (Chrono Boost)  
  27  2:30  Adept (Chrono Boost)  
  27  2:33  Probe (Chrono Boost)  
  27  2:34  Pylon  
  29  2:38  Probe (Chrono Boost)  
  31  2:53  Stargate  
  31  2:56  Shield Battery  
  31  2:57  Stalker (Chrono Boost)  
  32  3:06  Shield Battery  
  32  3:10  Shield Battery  
  32  3:18  Pylon  
  30  3:22  Pylon  
  30  3:27  Pylon  
  30  3:38  Void Ray  
  33  3:54  Probe (Chrono Boost)  
  33  4:02  Probe (Chrono Boost)  
  34  4:06  Probe (Chrono Boost)  
  35  4:12  Probe x2 (Chrono Boost)  
  37  4:19  Oracle (Chrono Boost)  
  37  4:20  Probe  
  37  4:23  Probe  
  42  4:32  Probe  
  42  4:35  Probe  
  44  4:43  Void Ray  
  44  4:44  Probe  
  45  4:47  Probe  
  45  4:52  Gateway  
  50  4:57  Probe  
  50  4:59  Probe  
  52  5:09  Probe  
  52  5:10  Shield Battery  
  52  5:11  Probe  
  52  5:12  Pylon  
Show
View Real Time Build Order
Export as new Build Order

MeomaikA Zerg 

Build Orders: Pool First, Roach Nydus 

Get SALT Encoding   

  12  0:00  Drone  
  13  0:08  Drone  
  14  0:16  Overlord  
  14  0:24  Drone, Extractor  
  15  0:34  Drone x2  
  17  0:45  Spawning Pool  
  17  0:47  Drone  
  17  0:58  Drone  
  17  1:01  Extractor  
  17  1:05  Drone  
  18  1:17  Hatchery  
  17  1:32  Zergling x4  
  19  1:34  Roach Warren  
  19  1:37  Drone  
  19  1:47  Overlord  
  19  1:56  Queen  
  21  2:14  Roach x2  
  25  2:20  Roach  
  27  2:33  Zergling x2, Roach  
  30  2:40  Zergling x2  
  30  2:41  Zergling x2  
  32  2:52  Zergling x4  
  34  3:01  Overlord  
  34  3:05  Overlord  
  33  3:14  Zergling x2  
  33  3:17  Drone  
  33  3:22  Drone  
  33  3:24  Drone  
  34  3:30  Lair  
  34  3:32  Drone  
  34  3:33  Drone  
  34  3:34  Drone  
  37  3:35  Drone  
  37  3:36  Drone  
  36  3:44  Drone  
  36  3:46  Drone  
  36  3:55  Drone  
  33  3:57  Queen  
  33  3:58  Drone  
  34  4:06  Extractor  
  37  4:10  Roach x2  
  37  4:16  Zergling x2  
  38  4:19  Roach  
  40  4:29  Roach x2  
  40  4:30  Zergling x2, Nydus Network  
  40  4:31  Zergling x2  
  45  4:34  Zergling x2  
  45  4:37  Zergling x2  
  47  4:43  Queen  
  49  4:50  Overlord  
  49  4:52  Overlord  

Tags
 
Add a new tag
Caveats
  • Supply blocks, unpowered buildings, or Contaminate may cause inaccurate times.
  • Supply counts are checked every 10 seconds.